Map: Nightshade LE

Players

Trap - Winner!

  • Race: Protoss Protoss
  • League: Master
  • Spawn Location: 5:00

soO

  • Race: Zerg Zerg
  • Spawn Location: 11:00

Event: Shopify TSL 5

VOD

Have the link to the VOD?

Description

Time

  • Played on: June 6, 2020, 8:09 a.m.
  • Length: 5:36

All games in this series

Show
View Real Time Build Order
Export as new Build Order

Trap Protoss - Winner!

Build Orders: 1 Gate Expand, Mass Adepts 

Get SALT Encoding   

  12  0:00  Probe  
  13  0:13  Pylon  
  13  0:17  Probe (Chrono Boost)  
  14  0:27  Probe (Chrono Boost)  
  15  0:32  Probe (Chrono Boost)  
  16  0:42  Gateway  
  16  0:44  Probe  
  16  0:49  Assimilator  
  17  0:56  Probe  
  18  1:08  Probe  
  19  1:20  Probe  
  20  1:27  Nexus  
  20  1:36  Cybernetics Core  
  20  1:38  Probe  
  21  1:45  Assimilator  
  21  1:50  Probe  
  21  1:53  Pylon  
  22  2:03  Probe  
  23  2:09  Stalker (Chrono Boost)  
  23  2:12  Warp Gate  
  23  2:15  Probe  
  26  2:23  Twilight Council  
  26  2:27  Probe  
  29  2:39  Probe x2 (Chrono Boost)  
  31  2:48  Probe x2 (Chrono Boost)  
  31  2:50  Robotics Facility  
  31  2:53  Probe x2 (Chrono Boost)  
  31  2:56  Adept  
  35  3:04  Gateway  
  35  3:06  Probe  
  35  3:08  Probe  
  35  3:11  Resonating Glaives (Chrono Boost)  
  37  3:20  Probe x2  
  39  3:28  Gateway  
  39  3:30  Gateway  
  39  3:34  Warp Prism (Chrono Boost)  
  41  3:48  Gateway  
  41  3:49  Gateway  
  41  3:52  Pylon  
  41  4:01  Adept x2  
  45  4:05  Pylon  
  45  4:07  Observer  
  46  4:18  Pylon  
  46  4:24  Adept x4  
  48  4:26  Pylon  
  54  4:45  Adept x5  
  60  4:46  Adept  
  60  4:51  Probe x2  
  68  5:07  Adept x5  
  68  5:11  Adept  
  72  5:31  Adept x3  
Show
View Real Time Build Order
Export as new Build Order

soO Zerg 

Build Orders: Hatch First 

Get SALT Encoding   

  12  0:00  Drone  
  13  0:12  Overlord  
  13  0:16  Drone  
  14  0:30  Drone  
  15  0:44  Drone  
  16  0:51  Drone, Hatchery  
  16  0:55  Drone  
  17  0:59  Drone  
  18  1:09  Extractor  
  17  1:14  Spawning Pool  
  17  1:16  Drone  
  17  1:20  Drone  
  18  1:28  Drone  
  19  1:38  Drone  
  20  1:49  Drone  
  21  2:01  Zergling x2  
  22  2:02  Queen x2  
  22  2:03  Zergling x2  
  27  2:10  Overlord  
  27  2:12  Metabolic Boost  
  27  2:14  Drone  
  28  2:29  Drone x2  
  30  2:32  Drone  
  31  2:41  Hatchery  
  30  2:44  Queen  
  30  2:49  Overlord  
  32  2:52  Drone  
  32  2:54  Drone  
  32  2:57  Drone  
  35  2:59  Drone  
  36  3:08  Overlord  
  36  3:11  Drone x3  
  39  3:13  Drone  
  39  3:14  Drone  
  39  3:16  Drone  
  39  3:18  Drone  
  43  3:20  Drone  
  46  3:28  Queen  
  46  3:30  Drone  
  47  3:36  Drone x2  
  47  3:39  Drone  
  50  3:42  Drone  
  50  3:45  Drone, Overlord  
  52  3:52  Overlord  
  52  3:53  Queen, Drone  
  55  3:56  Drone x2  
  55  3:59  Zergling x2  
  55  4:02  Overlord  
  58  4:05  Zergling x6  
  61  4:12  Zergling x4  
  61  4:13  Spore Crawler  
  61  4:16  Zergling x6, Spore Crawler  
  64  4:20  Zergling x2  
  64  4:23  Zergling x2  
  66  4:24  Zergling x8  
  70  4:31  Roach Warren  
  69  4:39  Zergling x14  
  69  4:45  Overlord  
  76  4:48  Overlord  
  68  5:09  Zergling x18  
  68  5:13  Roach  
Tags
 
Add a new tag
Caveats
  • Supply blocks, unpowered buildings, or Contaminate may cause inaccurate times.
  • Supply counts are checked every 10 seconds.